 Dungeon Crawl Stone Soup version 0.27-a0-1200-g94dc6ad4cf (webtiles) character file.

Game seed: 2149599640963992374

58 funkygono the Firebug (level 4, -1/24 HPs)
             Began as a Gargoyle Fire Elementalist on May 30, 2021.
             Slain by Robin
             ... wielding a +0 spear
              (4 damage)
             ... on level 2 of the Dungeon.
             The game lasted 00:02:58 (1729 turns).

funkygono the Firebug (Gargoyle Fire Elementalist)  Turns: 1729, Time: 00:02:59

Health: -1/24      AC:  5    Str: 12    XL:     4   Next: 1%
Magic:  0/7        EV: 12    Int: 16    God:
Gold:   34         SH:  0    Dex: 10    Spells: 4/8 levels left

rFire    . . .     SeeInvis .   d - +0 club
rCold    . . .     Faith    .   (no shield)
rNeg     + . .     Spirit   .   a - +0 robe
rPois    ∞         Reflect  .   (no helmet)
rElec    +         Harm     .   (no cloak)
rCorr    .         Rampage  .   (no gloves)
Will     .....                  (no boots)
Stlth    ++........             (no amulet)
HPRegen  0.08/turn              (no ring)
MPRegen  0.10/turn              (no ring)

@: no status effects
A: sickness immunity, AC +3, negative energy resistance 1, electricity
resistance, torment resistance 1, petrification resistance
a: no special abilities


You were on level 2 of the Dungeon.
You visited 1 branch of the dungeon, and saw 2 of its levels.

You collected 34 gold pieces.

Inventory:

Hand Weapons
 d - a +0 club (weapon)
Missiles
 b - 41 stones
Armour
 a - a +0 robe (worn)
 e - a +0 ring mail
 i - a +0 buckler
Wands
 h - a wand of flame (17)
Potions
 c - a potion of cancellation
 f - a potion of lignification {unknown}
 j - a potion of invisibility {unknown}
 k - a potion of flight {unknown}
 l - 2 potions of haste


   Skills:
 + Level 1.6 Dodging
 - Level 2.1 Stealth
 * Level 2.6 Spellcasting
 * Level 1.9 Conjurations
 * Level 3.9 Fire Magic


You had 4 spell levels left.
You knew the following spells:

 Your Spells              Type           Power      Damage    Failure   Level
a - Foxfire               Conj/Fire      44%        2x1d6     6%          1
b - Conjure Flame         Conj/Fire      11%        6-21      17%         3

Your spell library contained the following spells:

 Spells                   Type           Power      Damage    Failure   Level
 Inner Flame              Hex/Fire       8%         N/A       26%         3
 Sticky Flame             Conj/Fire      11%        2d3       50%         4
 Fireball                 Conj/Fire      5%         3d5       85%         5


Dungeon Overview and Level Annotations

Branches:
Dungeon (2/15)

Altars:

Annotations:
D:2 Robin


Innate Abilities, Weirdness & Mutations

You are immune to sickness and miasma.
Your stone body is resilient. (AC +3)
You are immune to poison.
You resist negative energy. (rN+)
You are resistant to electric shocks. (rElec)
You are resistant to unholy torment.
You are immune to petrification.


Message History

Robin laughs in a distinctly smug fashion.
Robin hits you with a +0 spear.
You completely miss Robin.
Robin is moderately wounded.
Robin closely misses you.
You barely miss Robin.
Robin is moderately wounded.
Robin roars a battlecry!
Robin hits you but does no damage.
You hear a shout!
You hit Robin.
Robin is heavily wounded.
You hear a shout!
A goblin comes into view. It is wielding a +0 dagger.
Robin misses you.
You closely miss Robin.
Robin is heavily wounded.
Robin misses you.
Casting: Foxfire (safe; 6% risk of failure)
Confirm with . or Enter, or press ? or * to list all spells.
You conjure some foxfire!
Robin hits you with a +0 spear. The goblin hits you but does no damage.
You barely miss Robin.
Robin is heavily wounded.
The foxfire hits the goblin.
You kill the goblin!
The foxfire hits Robin.
Robin is severely wounded.
Robin hits you with a +0 spear.
You hit Robin.
Robin is almost dead.
Robin hits you with a +0 spear. Robin closely misses you.
You barely miss Robin.
Robin is almost dead.
Robin hits you with a +0 spear!
* * * LOW HITPOINT WARNING * * *
You barely miss Robin.
Robin is almost dead.
Robin hits you with a +0 spear.
You die...

###### #....# #########
######....#
........####.........#
.........§...........#
....>..<.###.........#######
.......................†....
...........)@................
..........###g...............
..........##....##.##########
................##.#
........##..†......#
......####.)#########
........##†)#.......#
####.......g#.......#
##......)........#


You could see Robin.

Vanquished Creatures
  A gnoll (D:1)
  4 dart slugs (D:1)
  2 giant cockroaches (D:1)
  10 goblins
  8 hobgoblins
  A kobold (D:1)
  2 quokkas (D:1)
  3 ball pythons (D:1)
  2 bats (D:1)
  A frilled lizard (D:1)
  2 rats
36 creatures vanquished.

Vanquished Creatures (others)
  103 foxfires
103 creatures vanquished.

Grand Total: 139 creatures vanquished

Notes
Turn   | Place    | Note
-------+----------+-------------------------------------------
     0 | D:1      | funkygono the Gargoyle Fire Elementalist began the quest
                  | for the Orb.
     0 | D:1      | Reached XP level 1. HP: 10/10 MP: 3/3
   383 | D:1      | Reached XP level 2. HP: 14/15 MP: 3/5
   535 | D:1      | Found a faded altar of an unknown god.
   759 | D:1      | Reached XP level 3. HP: 19/19 MP: 2/6
  1273 | D:1      | Learned a level 3 spell: Conjure Flame
  1700 | D:2      | Noticed Robin
  1710 | D:2      | Reached XP level 4. HP: 19/24 MP: 0/7
  1729 | D:2      | Slain by Robin

Illustrated notes

Levels and vault maps discovered:
D:1:      minmay_arrival_hallway, layout_loops_ring,
          hellmonk_ecumenical_altar_lost_god
D:2:      layout_rooms, uniq_robin, uniq_sigmund

Action                   |  1- 3 |  4- 6 || total
-------------------------+-------+-------++-------
Melee: Club              |    25 |    10 ||    35
       Unarmed           |     1 |       ||     1
 Cast: Foxfire           |    59 |     2 ||    61
  Use: Scroll            |     2 |       ||     2
Armor: Robe              |    10 |     3 ||    13
Dodge: Dodged            |    21 |     6 ||    27

Table legend: (Time is in decaauts)
 A = Elapsed time spent in this place.
 B = Non-inter-level travel time spent in this place.
 C = Inter-level travel time spent in this place.
 D = Time resting spent in this place.
 E = Time spent auto-exploring this place.
 F = Levels seen in this place.
 G = Mean time per level.
                   A        B        C        D        E       F      G
               +--------+--------+--------+--------+--------+-----+--------+
         Total |   1739 |   1702 |     37 |    204 |   1188 |   2 |  869.5 |
       Dungeon |   1739 |   1702 |     37 |    204 |   1188 |   2 |  869.5 |
               +--------+--------+--------+--------+--------+-----+--------+

Top non-repeatable levels by time:
     D:1: 1580 daAuts
     D:2: 159 daAuts
